MLB
BOSTON RED SOX @ CHICAGO WHITE SOX
07/25/2045
 
TOP OF THE 1ST
Boston Red Sox batting - Pitching for Chicago White Sox : RHP Xenophon Valvis
Pitching: RHP Xenophon Valvis
Batting: LHB Brian Gray 0-0: Ball
1-0: Ground out 5-3 (Groundball, 5, EV 109.4 MPH)
Batting: RHB Manny Vergara 0-0: Ball
1-0: Foul Ball, location: 2F
1-1: Ball
2-1: Ball
3-1: Called Strike
3-2: Foul Ball, location: 2F
3-2: Base on Balls
Batting: SHB Robbie Rogers 0-0: Ball
1-0: Foul Ball, location: 2F
1-1: Foul Ball, location: 2F
1-2: Grounds into double play, 4-6-3 (Groundball, 4, EV 85.0 MPH)
Top of the 1st over - 0 runs, 0 hits, 0 errors, 0 left on base; Boston 0 - Chicago 0
BOTTOM OF THE 1ST
Chicago White Sox batting - Pitching for Boston Red Sox : LHP Marquise Barretti
Pitching: LHP Marquise Barretti
Batting: SHB Dan Lash 0-0: Ball
1-0: Ball
2-0: SINGLE (Flyball, 9S, EV 95.0 MPH)
Batting: RHB Jason Moss 0-0: Called Strike
0-1: Grounds into double play, 4-6-3 (Groundball, 4, EV 104.4 MPH)
Batting: RHB Steve Castleberry 0-0: Called Strike
0-1: Fly out, F5 (Line Drive, 5, EV 73.8 MPH)
Bottom of the 1st over - 0 runs, 1 hit, 0 errors, 0 left on base; Boston 0 - Chicago 0
TOP OF THE 2ND
Boston Red Sox batting - Pitching for Chicago White Sox : RHP Xenophon Valvis
Batting: LHB Kevin McCormic Jr. 0-0: Called Strike
0-1: Foul Ball, location: 2F
0-2: Ball
1-2: Fly out, F8 (Flyball, 78S, EV 93.1 MPH)
Batting: RHB Jim Zucco 0-0: Called Strike
0-1: Called Strike
0-2: Strikes out looking
Batting: RHB Cesar Breceda 0-0: Ball
1-0: Swinging Strike
1-1: Fly out, F7 (Flyball, 78M, EV 82.5 MPH)
Top of the 2nd over - 0 runs, 0 hits, 0 errors, 0 left on base; Boston 0 - Chicago 0
BOTTOM OF THE 2ND
Chicago White Sox batting - Pitching for Boston Red Sox : LHP Marquise Barretti
Batting: RHB Leo Navarro 0-0: Swinging Strike
0-1: Ball
1-1: Ball
2-1: Swinging Strike
2-2: Strikes out swinging
Batting: SHB Cesar Herrera 0-0: Ball
1-0: Ground out 5-3 (Groundball, 56, EV 85.6 MPH)
Batting: RHB Chris Cooper 0-0: SINGLE (Groundball, 5S, EV 69.4 MPH) (infield hit)
Batting: SHB Eduardo Maldonado 0-0: Ball
1-0: Called Strike
1-1: Ball
2-1: Called Strike
2-2: Ball
3-2: SINGLE (Line Drive, 3D, EV 103.1 MPH)
Chris Cooper to second
Chris Cooper to third
Batting: RHB Charles Marcel 0-0: Ball
1-0: Foul Ball, location: 2F
1-1: Ball
2-1: Fielders Choice at 2nd, U4 (Groundball, 6MD, EV 86.2 MPH)
Bottom of the 2nd over - 0 runs, 2 hits, 0 errors, 2 left on base; Boston 0 - Chicago 0
TOP OF THE 3RD
Boston Red Sox batting - Pitching for Chicago White Sox : RHP Xenophon Valvis
Batting: LHB Brent Albertson 0-0: Ball
1-0: Ball
2-0: Foul Ball, location: 2F
2-1: Called Strike
2-2: Foul Ball, location: 2F
2-2: Ground out U3 (Groundball, 3, EV 82.5 MPH)
Batting: SHB Rich Chavez 0-0: Ball
1-0: Ball
2-0: Foul Ball, location: 2F
2-1: DOUBLE (Line Drive, 78XD, EV 105.6 MPH)
Batting: LHB Mike Mentzer 0-0: Ground out 6-3 (Groundball, 6, EV 99.4 MPH)
Batting: LHB Brian Gray 0-0: Ground out U3 (Groundball, 3L, EV 80.0 MPH)
Top of the 3rd over - 0 runs, 1 hit, 0 errors, 1 left on base; Boston 0 - Chicago 0
BOTTOM OF THE 3RD
Chicago White Sox batting - Pitching for Boston Red Sox : LHP Marquise Barretti
Batting: LHB Antonio Figueroa 0-0: Swinging Strike
0-1: Called Strike
0-2: Ball
1-2: Foul Ball, location: 2F
1-2: Ball
2-2: Foul Ball, location: 2F
2-2: DOUBLE (Line Drive, 9LM, EV 107.5 MPH)
Batting: SHB Dan Lash 0-0: Ball
1-0: Ground out 4-3 (Groundball, 4MS, EV 66.9 MPH)
Antonio Figueroa to third
Batting: RHB Jason Moss 0-0: Swinging Strike
0-1: Swinging Strike
0-2: Foul Ball, location: 2F
0-2: Ball
1-2: Ball
2-2: Foul Ball, location: 2F
2-2: Fly out, F8 (Flyball, 8RD, EV 92.5 MPH)
Runner from 3rd tags up, OUT at HOME! 8-2
Bottom of the 3rd over - 0 runs, 1 hit, 0 errors, 0 left on base; Boston 0 - Chicago 0
TOP OF THE 4TH
Boston Red Sox batting - Pitching for Chicago White Sox : RHP Xenophon Valvis
Batting: RHB Manny Vergara 0-0: Ball
1-0: Ball
2-0: Fly out, F7 (Flyball, 7LM, EV 94.4 MPH)
Batting: SHB Robbie Rogers 0-0: Fly out, F6 (Line Drive, 6, EV 68.8 MPH)
Batting: LHB Kevin McCormic Jr. 0-0: Ball
1-0: Foul Ball, location: 2F
1-1: Foul Ball, location: 2F
1-2: Ball
2-2: Ball
3-2: Foul Ball, location: 2F
3-2: SINGLE (Groundball, 6MD, EV 97.5 MPH)
Batting: RHB Jim Zucco 0-0: Ball
1-0: Swinging Strike
1-1: Ball
2-1: Called Strike
2-2: Foul Ball, location: 2F
2-2: Strikes out looking
Top of the 4th over - 0 runs, 1 hit, 0 errors, 1 left on base; Boston 0 - Chicago 0
BOTTOM OF THE 4TH
Chicago White Sox batting - Pitching for Boston Red Sox : LHP Marquise Barretti
Batting: RHB Steve Castleberry 0-0: Called Strike
0-1: Ball
1-1: Foul Ball, location: 2F
1-2: Fly out, F8 (Line Drive, 8RM, EV 109.4 MPH)
Batting: RHB Leo Navarro 0-0: Called Strike
0-1: Foul Ball, location: 2F
0-2: Ball
1-2: Ball
2-2: Ball
3-2: Strikes out looking
Batting: SHB Cesar Herrera 0-0: Called Strike
0-1: Foul Ball, location: 2F
0-2: Ball
1-2: Ball
2-2: Strikes out swinging
Bottom of the 4th over - 0 runs, 0 hits, 0 errors, 0 left on base; Boston 0 - Chicago 0
TOP OF THE 5TH
Boston Red Sox batting - Pitching for Chicago White Sox : RHP Xenophon Valvis
Batting: RHB Cesar Breceda 0-0: Ball
1-0: Ball
2-0: SINGLE (Groundball, 56D, EV 97.5 MPH)
Batting: LHB Brent Albertson 0-0: Called Strike
0-1: Ball
1-1: Called Strike
1-2: Ball
2-2: TRIPLE (Line Drive, 89XD, EV 106.9 MPH)
Cesar Breceda scores
Batting: SHB Rich Chavez 0-0: Ball
1-0: Ground out 4-3 (Groundball, 4S, EV 83.1 MPH)
Brent Albertson scores
Batting: LHB Mike Mentzer 0-0: Foul Ball, location: 2F
0-1: Ball
1-1: Swinging Strike
1-2: Ball
2-2: SINGLE (Groundball, 4MD, EV 100.6 MPH)
Batting: LHB Brian Gray 0-0: Fly out, F8 (Line Drive, 8LD, EV 83.1 MPH)
Batting: RHB Manny Vergara 0-0: Ball
1-0: Called Strike
Mike Mentzer steals 2nd base (no throw)
1-1: Foul Ball, location: 2F
1-2: Foul Ball, location: 2F
1-2: Strikes out swinging
Top of the 5th over - 2 runs, 3 hits, 0 errors, 1 left on base; Boston 2 - Chicago 0
BOTTOM OF THE 5TH
Chicago White Sox batting - Pitching for Boston Red Sox : LHP Marquise Barretti
Batting: RHB Chris Cooper 0-0: Called Strike
0-1: Foul Ball, location: 2F
0-2: Foul Ball, location: 2F
0-2: Ground out 3-1 (Groundball, 34, EV 101.9 MPH)
Batting: SHB Eduardo Maldonado 0-0: Fly out, F5 (Popup, 5SF, EV 75.0 MPH)
Batting: RHB Charles Marcel 0-0: Called Strike
0-1: Ball
1-1: Ball
2-1: Ground out 6-3 (Groundball, 6, EV 81.2 MPH)
Bottom of the 5th over - 0 runs, 0 hits, 0 errors, 0 left on base; Boston 2 - Chicago 0
TOP OF THE 6TH
Boston Red Sox batting - Pitching for Chicago White Sox : RHP Xenophon Valvis
Batting: SHB Robbie Rogers 0-0: Ground out 4-3 (Groundball, 4, EV 80.0 MPH)
Batting: LHB Kevin McCormic Jr. 0-0: Foul Ball, location: 2F
0-1: Foul Ball, location: 2F
0-2: Ground out 1-3 (Groundball, P, EV 75.0 MPH)
Batting: RHB Jim Zucco 0-0: Fly out, F3 (Popup, 34, EV 78.8 MPH)
Top of the 6th over - 0 runs, 0 hits, 0 errors, 0 left on base; Boston 2 - Chicago 0
BOTTOM OF THE 6TH
Chicago White Sox batting - Pitching for Boston Red Sox : LHP Marquise Barretti
Batting: LHB Antonio Figueroa 0-0: Fly out, F7 (Line Drive, 7, EV 87.5 MPH)
Batting: SHB Dan Lash 0-0: Ball
1-0: Ball
2-0: Ball
3-0: Base on Balls
Batting: RHB Jason Moss 0-0: Swinging Strike
0-1: Called Strike
0-2: Ball
1-2: SINGLE (Groundball, 56D, EV 90.0 MPH) (infield hit)
Dan Lash to second
Batting: RHB Steve Castleberry 0-0: SINGLE (Line Drive, 9LM, EV 91.2 MPH)
Dan Lash to third
Jason Moss to second
Runner from 3rd tries for Home, SAFE, throw by RF to home
Batting: RHB Leo Navarro 0-0: Foul Ball, location: 2F
0-1: Foul Ball, location: 7LSF, Error on foul ball, E7
0-2: Grounds into double play, 6-4-3 (Groundball, 6, EV 85.0 MPH)
Bottom of the 6th over - 1 run, 2 hits, 1 error, 1 left on base; Boston 2 - Chicago 1
TOP OF THE 7TH
Boston Red Sox batting - Pitching for Chicago White Sox : RHP Xenophon Valvis
Batting: RHB Cesar Breceda 0-0: Fly out, F9 (Flyball, 9S, EV 80.6 MPH)
Batting: LHB Brent Albertson 0-0: Ball
1-0: Ball
2-0: Called Strike
2-1: Foul Ball, location: 2F
2-2: Foul Ball, location: 2F
2-2: Foul Ball, location: 2F
2-2: Foul Ball, location: 2F
2-2: Ball
3-2: Base on Balls
Batting: SHB Rich Chavez 0-0: Called Strike
Pickoff Throw to First - Error! E1
Brent Albertson to second
0-1: Ball
1-1: Called Strike
1-2: Strikes out swinging
Pitching: RHP Gerbrand van de Bilt
Batting: LHB Mike Mentzer 0-0: Ball
1-0: Swinging Strike
1-1: Foul Ball, location: 2F
1-2: Ball
2-2: DOUBLE (Line Drive, 9LM, EV 100.0 MPH)
Brent Albertson scores
Batting: LHB Brian Gray 0-0: Called Strike
0-1: Foul Ball, location: 2F
0-2: Ball
1-2: Ball
2-2: Strikes out swinging, 2-3 out at first.
Top of the 7th over - 1 run, 1 hit, 1 error, 1 left on base; Boston 3 - Chicago 1
BOTTOM OF THE 7TH
Chicago White Sox batting - Pitching for Boston Red Sox : LHP Marquise Barretti
Batting: SHB Cesar Herrera 0-0: Ball
1-0: Called Strike
1-1: DOUBLE (Line Drive, 7LS, EV 93.1 MPH)
Batting: RHB Chris Cooper 0-0: Called Strike
Cesar Herrera steals 3rd base (no throw)
0-1: Swinging Strike
0-2: Ball
1-2: Ground out 4-3 (Groundball, 4, EV 100.0 MPH)
Cesar Herrera scores
Batting: SHB Eduardo Maldonado 0-0: Swinging Strike
0-1: Ball
1-1: Swinging Strike
1-2: Foul Ball, location: 2F
1-2: DOUBLE (Line Drive, 9LD, EV 102.5 MPH)
Batting: RHB Charles Marcel 0-0: Ball
1-0: Ball
2-0: Called Strike
2-1: Ball
3-1: Base on Balls
Batting: LHB Antonio Figueroa 0-0: Ball
1-0: Called Strike
1-1: Called Strike
1-2: Foul Ball, location: 2F
1-2: Ball
2-2: Ball
3-2: SINGLE (Line Drive, 34D, EV 99.4 MPH)
Eduardo Maldonado to third
Charles Marcel to second
Runner from 3rd tries for Home, SAFE, throw by RF to home
Pitching: RHP Danny Klomp
Batting: SHB Dan Lash 0-0: Swinging Strike
0-1: Ball
1-1: Fly out, F8 (Flyball, 89D, EV 95.0 MPH)
Runner from 2nd tags up, SAFE at 3rd, no throw by CF
Pinch Hitting: LHB Randy Rosenberry 0-0: SINGLE (Flyball, 6MD, EV 96.9 MPH)
Charles Marcel scores
Antonio Figueroa to second
Runner from 2nd tries for 3rd, SAFE, throw by CF made to third
Batting: RHB Steve Castleberry 0-0: Ball
1-0: SINGLE (Line Drive, 78S, EV 106.9 MPH)
Antonio Figueroa scores
Randy Rosenberry to second
Batting: RHB Leo Navarro 0-0: Ball
1-0: Ball
2-0: Ball
3-0: Called Strike
3-1: Foul Ball, location: 2F
3-2: Base on Balls
Randy Rosenberry to third
Steve Castleberry to second
Batting: SHB Cesar Herrera 0-0: Ground out 3-1 (Groundball, 34, EV 107.5 MPH)
Bottom of the 7th over - 4 runs, 5 hits, 0 errors, 3 left on base; Boston 3 - Chicago 5
TOP OF THE 8TH
Boston Red Sox batting - Pitching for Chicago White Sox : RHP Gerbrand van de Bilt
Now in LF: Chris Cooper
Now in CF: Randy Rosenberry
Now in RF: Steve Castleberry
Batting: RHB Manny Vergara 0-0: Ball
1-0: Called Strike
1-1: Foul Ball, location: 2F
1-2: Strikes out swinging
Batting: SHB Robbie Rogers 0-0: DOUBLE (Line Drive, 5D, EV 93.8 MPH)
Batting: LHB Kevin McCormic Jr. 0-0: Ball
1-0: Foul Ball, location: 2F
1-1: Swinging Strike
1-2: Strikes out swinging, 2-3 out at first.
Batting: RHB Jim Zucco 0-0: Called Strike
0-1: Foul Ball, location: 2F
0-2: Ball
1-2: Ground out 6-3 (Groundball, 56, EV 89.4 MPH)
Top of the 8th over - 0 runs, 1 hit, 0 errors, 1 left on base; Boston 3 - Chicago 5
BOTTOM OF THE 8TH
Chicago White Sox batting - Pitching for Boston Red Sox : RHP Danny Klomp
Batting: RHB Chris Cooper 0-0: Ball
1-0: Ball
2-0: Ball
3-0: Called Strike
3-1: Foul Ball, location: 2F
3-2: DOUBLE (Line Drive, 89XD, EV 96.9 MPH)
Batting: SHB Eduardo Maldonado 0-0: Ball
1-0: Swinging Strike
1-1: Called Strike
1-2: Ball
2-2: Foul Ball, location: 2F
2-2: Strikes out looking
Batting: RHB Charles Marcel 0-0: Called Strike
0-1: Ball
1-1: Foul Ball, location: 2F
1-2: Foul Ball, location: 2F
1-2: Ball
2-2: Ball
3-2: Strikes out swinging
Pitching: LHP Zack McGovern
Batting: LHB Antonio Figueroa 0-0: Hit by Pitch
Batting: SHB Dan Lash 0-0: Foul Ball, location: 2F
0-1: Foul Ball, location: 2F
0-2: Ball
1-2: Fielders Choice at 2nd, 5-4 (Groundball, 56, EV 103.8 MPH)
Bottom of the 8th over - 0 runs, 1 hit, 0 errors, 2 left on base; Boston 3 - Chicago 5
TOP OF THE 9TH
Boston Red Sox batting - Pitching for Chicago White Sox : RHP Gerbrand van de Bilt
Pitching: RHP Jerry JimAnez
Batting: RHB Cesar Breceda 0-0: Ball
1-0: Ball
2-0: Ball
3-0: Base on Balls
Batting: LHB Brent Albertson 0-0: Called Strike
0-1: Ball
1-1: Ball
2-1: Called Strike
2-2: Strikes out looking
Batting: SHB Rich Chavez 0-0: Grounds into double play, 3-6-3 (Groundball, 3, EV 102.5 MPH)
Top of the 9th over - 0 runs, 0 hits, 0 errors, 0 left on base; Boston 3 - Chicago 5
Wednesday, June 22nd , 2022 - OOTP Baseball 23.4 Build 64